 Dungeon Crawl Stone Soup version 0.27-a0-1278-g6cbc8dfb29 (webtiles) character file.

Game seed: 5501941484963301861

64 porpoise the Skirmisher (level 3, 0/30 HPs)
             Began as a Demonspawn Chaos Knight on June 12, 2021.
             Was a Plaything of Xom.
             Slain by an iguana (9 damage)
             ... on level 6 of the Dungeon.
             The game lasted 00:03:48 (2114 turns).

porpoise the Skirmisher (Demonspawn Chaos Knight)   Turns: 2114, Time: 00:03:50

Health: 0/30       AC:  5    Str: 12    XL:     3   Next: 91%
Magic:  3/3        EV: 11    Int: 14    God:    Xom [...*..]
Gold:   120        SH:  0    Dex: 12    Spells: 2/2 levels left

rFire    . . .     SeeInvis .   b - +0 shortbow (vorpal)
rCold    . . .     Faith    .   (shield currently unavailable)
rNeg     . . .     Spirit   .   k - +2 leather armour
rPois    .         Reflect  .   (no helmet)
rElec    .         Harm     .   (no cloak)
rCorr    .         Rampage  .   (no gloves)
Will     .....                  (no boots)
Stlth    +.........             (no amulet)
HPRegen  0.10/turn              (no ring)
MPRegen  0.16/turn              (no ring)

@: lethally poisoned (0 -> -11)
A: powered by death 1, magic regeneration
a: Renounce Religion


You were on level 6 of the Dungeon.
You worshipped Xom.
You were a favourite toy of Xom.
You visited 1 branch of the dungeon, and saw 5 of its levels.

You collected 120 gold pieces.

Inventory:

Hand Weapons
 a - a +0 spear of chaos
 b - a +0 vorpal shortbow (weapon)
 l - a +0 hunting sling
Missiles
 d - 14 arrows (quivered ammo)
 e - 68 stones
 g - 19 sling bullets
 p - 8 poisoned darts
Armour
 k - a +2 leather armour (worn)
 m - a +0 kite shield
Jewellery
 q - a ring of willpower
Scrolls
 j - a scroll of enchant weapon {unknown}
 n - a scroll of immolation {unknown}
 o - a scroll of enchant armour {unknown}
Potions
 c - a potion of haste {unknown}
 h - a potion of curing {unknown}
 i - 2 potions of flight {unknown}


   Skills:
 + Level 4.0 Fighting
 + Level 3.6 Polearms
 - Level 1.7 Armour
 - Level 0.8 Dodging


You had 2 spell levels left.
You didn't know any spells.
Your spell library was empty.

Dungeon Overview and Level Annotations

Branches:
Dungeon (6/15)
 Temple: D:4-7

Altars:
Ashenzari
Fedhas
Qazlal

Annotations:
D:3 2 transporters


Innate Abilities, Weirdness & Mutations

You regenerate a little health from kills.
You regenerate magic rapidly.


Message History

Press: ? - help, Dir - move target, f - you Are you sure you want to cancel this blink?
Blink to where?
Press: ? - help, Dir - move target, f - you Are you sure you want to cancel this blink?
Blink to where?
Press: ? - help, Dir - move target, f - you Are you sure you want to cancel this blink?
Blink to where?
Press: ? - help, Dir - move target, f - you Are you sure you want to cancel this blink?
Blink to where?
Press: ? - help, Dir - move target
As you read the scroll labelled INGIX HEDGHISTROO, it crumbles to dust.
It was a scroll of blinking. 2 jackals and a necrophage come into view.
A jackal comes into view.
Found a scroll labelled BETTUL KUSKANOVU.
The jackal barks! x2
The killer bee stings you.
You emit a cloud of colourful smoke!
You are poisoned.
The killer bee poisons you! The iguana bites you.
You slide downwards.
The hatch slams shut behind you.
You feel sick.
You open the door.
You feel sick. The killer bee barely misses you. The killer bee stings you.
The iguana barely misses you. The killer bee stings you!
A shower of butterflies erupts from you!
You are lethally poisoned!
The killer bee poisons you!
The killer bee stings you but does no damage.
Found a broken altar of Ashenzari.
You swap places.
* * * LOW HITPOINT WARNING * * *
You feel very sick.
The killer bee closely misses your butterfly.
The killer bee completely misses your butterfly.
The iguana bites you!
You die...
Xom titters!

#.### .### ##.#
### ..## # ....
.b. ..
...#####.###.#.#
...#..b#ly.b....
...#.bb@by.#
#..#...#..##
#..#####.## ##..
... ## ..## ##.#
.### #####


You could see an iguana and 2 killer bees.

Vanquished Creatures
  An adder (D:2)
  2 worms (D:2)
  2 dart slugs (D:1)
  4 ball pythons
  4 bats
  3 endoplasms
  4 giant cockroaches (D:1)
  7 goblins
  5 hobgoblins
  2 frilled lizards
  4 kobolds
  4 rats
42 creatures vanquished.

Notes
Turn   | Place    | Note
-------+----------+-------------------------------------------
     0 | D:1      | porpoise the Demonspawn Chaos Knight began the quest for
                  | the Orb.
     0 | D:1      | Reached XP level 1. HP: 18/18 MP: 1/1
   118 | D:1      | Gained mutation: You regenerate a little health from kills.
                  | [demonic ancestry]
   118 | D:1      | Reached XP level 2. HP: 18/24 MP: 2/2
   505 | D:1      | Gained mutation: You regenerate magic rapidly. [demonic
                  | ancestry]
   505 | D:1      | Reached XP level 3. HP: 29/29 MP: 3/3
   717 | D:2      | XOM: silly message
  1278 | D:2      | Found a stormy altar of Qazlal.
  1378 | D:2      | XOM: god gift: 37 gold pieces
  1440 | D:2      | XOM: god gift: runed shortbow {god gift}
  1772 | D:2      | Reached skill level 4 in Fighting
  1805 | D:3      | XOM: 2-stop teleportation journey
  2053 | D:3      | Found a blossoming altar of Fedhas.
  2084 | D:3      | Found a transporter.
  2103 | D:3      | Found a transporter.
  2107 | D:3      | You fall into a shaft and drop 2 floors!
  2107 | D:5      | Entered Level 5 of the Dungeon
  2107 | D:5      | Noticed a killer bee
  2107 | D:5      | Noticed a killer bee
  2108 | D:5      | Noticed a killer bee
  2108 | D:5      | Noticed a killer bee
  2108 | D:5      | Noticed a killer bee
  2110 | D:5      | Noticed a necrophage
  2111 | D:5      | XOM: smoke on damage
  2113 | D:6      | Found a broken altar of Ashenzari.
  2113 | D:6      | XOM: butterfly on damage
  2114 | D:6      | Slain by an iguana

Illustrated notes

Levels and vault maps discovered:
D:1:      dpeg_arrival_connections, layout_loops_ring
D:2:      layout_basic, basic_altar
D:3:      gammafunk_steamed_eel, layout_loops_ring, fedhas_ov_isle_minmay,
          serial_shops, nicolae_shop_behind_doors
D:5:      layout_rooms, minmay_temple_entry_offerings, ebering_ghost_sewer_d
D:6:      layout_loops_ring, nicolae_ashenzari_skybound, minivault_11,
          minmay_microvault

Skill      XL: |  1  2  3 |
---------------+----------+-----
Polearms       | 3 |  3.6
Fighting       | 4 |  4.0
Armour         | |  1.7
Dodging        | |  0.8

Action                   || total
-------------------------++-------
Melee: Spear             ||    89
 Fire: Shortbow          ||     7
       Hunting sling     ||     4
  Use: Scroll            ||     1
 Stab: Sleeping          ||     3
Armor: Leather armour    ||    18
Dodge: Dodged            ||    27

Table legend: (Time is in decaauts)
 A = Elapsed time spent in this place.
 B = Non-inter-level travel time spent in this place.
 C = Inter-level travel time spent in this place.
 D = Time resting spent in this place.
 E = Time spent auto-exploring this place.
 F = Levels seen in this place.
 G = Mean time per level.
                   A        B        C        D        E       F      G
               +--------+--------+--------+--------+--------+-----+--------+
         Total |   2106 |   2059 |     47 |    207 |   1592 |   5 |  421.2 |
       Dungeon |   2106 |   2059 |     47 |    207 |   1592 |   5 |  421.2 |
               +--------+--------+--------+--------+--------+-----+--------+

Top non-repeatable levels by time:
     D:2: 1096 daAuts
     D:1: 701 daAuts
     D:3: 301 daAuts
     D:5: 4 daAuts
     D:6: 1 daAuts
